details: 'Wyrmbot gets raped by 1 warden'

« prev index next »

General information

Mini Map

Players

team 1
Humanantanitis (red | 42 APM | 1565 actions | 37:06)
Hero icon 5 Goblin Tinker
Ability icon 3 Pocket Factory
Ability icon 2 Engineering Upgrade
Hero icon 4 Archmage
Ability icon 2 Brilliance Aura
Ability icon 2 Summon Water Elemental
Hero icon 5 Paladin
Ability icon 2 Holy Light
Ability icon 2 Devotion Aura
Ability icon 1 Divine Shield

» actions
Basic commands31
Build / train107
Enter build submenu33
Enter hero's abilities submenu16
Give item / drop item2
Remove unit from queue8
Right click775
Select / deselect465
Use ability128
1565 total
» units
Peasant18
Knight4
Goblin Shredder2
Flying Machine2
Mortar Team4
Priest1
Sorceress1
Goblin Zeppelin1
33 total
» upgrades
Swords3
Plating4
Animal War Training1
Armor1
Masonry1
Lumber Harvesting1
Storm Hammers1
Gunpowder2
Fragmentation Shards1
Flak Cannons1
Magic Sentry1
Priest Training1
Sorceress Training1
Barrage1
20 total
» buildings
Farm12
Altar of Kings1
Barracks2
Lumber Mill4
Keep1
Arcane Vault3
Scout Tower8
Guard Tower6
Blacksmith1
Castle1
Gryphon Aviary2
Town Hall2
Arcane Sanctum1
Workshop4
48 total
» build order
00:24 Farm
00:38 Altar of Kings
00:55 Barracks
01:14 Farm
01:27 Lumber Mill
02:23 Farm
03:07 Keep
03:10 Arcane Vault
03:14 Scout Tower
04:35 Guard Tower
04:38 Scout Tower
04:41 Farm
04:50 Blacksmith
04:56 Farm
06:21 Guard Tower
06:28 Castle
06:32 Barracks
06:40 Scout Tower
06:41 Scout Tower
07:47 Guard Tower
07:50 Farm
07:51 Farm
07:52 Farm
08:29 Guard Tower
08:32 Guard Tower
09:17 Guard Tower
11:25 Gryphon Aviary
11:26 Gryphon Aviary
12:02 Arcane Vault
14:26 Town Hall
14:49 Arcane Vault
15:40 Lumber Mill
16:15 Scout Tower
16:16 Scout Tower
16:19 Scout Tower
16:20 Scout Tower
16:48 Lumber Mill
18:21 Arcane Sanctum
18:24 Workshop
19:46 Workshop
19:47 Workshop
19:48 Workshop
19:50 Farm
19:50 Farm
19:50 Farm
19:52 Farm
20:21 Lumber Mill
33:34 Town Hall
» items
Ivory Tower3
Scroll of Regeneration4
Lesser Clarity Potion2
Staff of Sanctuary2
Orb of Fire2
Scroll of Town Portal3
Potion of Healing1
Runed Bracers1
Inferno Stone1
Book of the Dead1
Alleria's Flute of Accuracy1
21 total
Random» NightElfLets-Spoon-Bro (green | 12 APM | 86 actions | 07:02)

» actions
Build / train20
Enter build submenu1
Right click20
Select / deselect35
Use ability10
86 total
» units
Wisp20
20 total
» buildings
Altar of Elders1
1 total
» build order
01:59 Altar of Elders
Orcblacks-rZombies (blue | 39 APM | 1999 actions | 50:59)
Hero icon 5 Dark Ranger
Ability icon 3 Black Arrow
Ability icon 2 Silence

» actions
Assign group hotkey36
Basic commands152
Build / train95
Enter build submenu22
Enter hero's abilities submenu5
Give item / drop item1
Remove unit from queue4
Right click592
Select / deselect347
Select group hotkey638
Use ability107
1999 total
» units
Peon24
Grunt3
Goblin Shredder3
Wind Rider7
Goblin Zeppelin2
Shaman1
Goblin Sapper8
Raider2
50 total
» upgrades
Ranged Weapons3
Armor3
Envenomed Spears1
Reinforced Defenses1
Melee Weapons3
Liquid Fire1
Ensnare1
Pillage1
Backpack1
Spiked Barricades3
Shaman Training2
Witch Doctor Training2
Spirit Walker Training2
War Drums Damage Increase1
25 total
» buildings
Altar of Storms1
Orc Burrow7
Barracks1
War Mill1
Stronghold1
Watch Tower13
Great Hall2
Beastiary7
Fortress1
Voodoo Lounge1
Spirit Lodge2
37 total
» build order
00:14 Altar of Storms
00:22 Orc Burrow
00:38 Barracks
01:26 Orc Burrow
02:04 War Mill
03:22 Stronghold
03:48 Watch Tower
03:48 Watch Tower
04:11 Orc Burrow
05:34 Great Hall
06:10 Watch Tower
06:11 Watch Tower
06:12 Watch Tower
07:25 Orc Burrow
07:25 Orc Burrow
07:47 Beastiary
07:56 Beastiary
08:02 Beastiary
08:27 Fortress
09:47 Watch Tower
09:47 Watch Tower
09:47 Watch Tower
09:49 Watch Tower
09:50 Watch Tower
09:50 Watch Tower
09:50 Watch Tower
09:51 Watch Tower
10:12 Orc Burrow
10:42 Beastiary
10:57 Voodoo Lounge
14:48 Spirit Lodge
14:49 Spirit Lodge
26:04 Great Hall
28:43 Orc Burrow
28:49 Beastiary
28:49 Beastiary
28:50 Beastiary
» items
Tiny Great Hall1
Potion of Healing3
Healing Salve1
Orb of Lightning1
Healing Wards1
Boots of Quel'Thalas +61
8 total
Random» Undeadrevygcam (orange | 28 APM | 1430 actions | 50:59)
Hero icon 4 Crypt Lord
Ability icon 2 Carrion Beetles
Ability icon 1 Impale
Ability icon 1 Spiked Carapace
Hero icon 3 Death Knight
Ability icon 1 Death Coil
Ability icon 2 Unholy Aura
Hero icon 1 Dreadlord
Ability icon 1 Carrion Swarm

» actions
Assign group hotkey24
Basic commands29
Build / train150
Enter build submenu53
Enter hero's abilities submenu8
Right click425
Select / deselect312
Select group hotkey354
Use ability75
1430 total
» units
Acolyte26
Ghoul4
Crypt Fiend12
Frost Wyrm20
Goblin Zeppelin5
67 total
» upgrades
Creature Attack2
Web1
Creature Carapace2
Freezing Breath1
6 total
» buildings
Altar of Darkness1
Ziggurat33
Crypt1
Graveyard2
Nerubian Tower24
Spirit Tower23
Halls of the Dead3
Sacrificial Pit1
Black Citadel6
Boneyard3
Tomb of Relics1
Necropolis3
101 total
» build order
00:17 Altar of Darkness
00:23 Ziggurat
00:41 Crypt
01:05 Graveyard
01:28 Nerubian Tower
01:36 Ziggurat
02:22 Ziggurat
02:36 Spirit Tower
03:20 Spirit Tower
03:20 Spirit Tower
03:21 Spirit Tower
03:37 Ziggurat
04:35 Halls of the Dead
04:35 Halls of the Dead
05:23 Spirit Tower
07:22 Sacrificial Pit
08:25 Black Citadel
08:26 Black Citadel
08:26 Black Citadel
08:26 Black Citadel
08:27 Black Citadel
09:59 Ziggurat
10:55 Boneyard
11:01 Boneyard
11:04 Spirit Tower
12:54 Boneyard
13:01 Ziggurat
13:08 Ziggurat
14:23 Spirit Tower
16:26 Nerubian Tower
16:27 Nerubian Tower
16:27 Nerubian Tower
23:41 Ziggurat
25:10 Nerubian Tower
26:47 Ziggurat
28:02 Spirit Tower
28:43 Ziggurat
28:50 Ziggurat
31:41 Spirit Tower
31:45 Ziggurat
31:53 Ziggurat
31:58 Ziggurat
32:01 Ziggurat
32:05 Ziggurat
33:59 Tomb of Relics
36:38 Spirit Tower
36:59 Ziggurat
37:28 Spirit Tower
40:58 Necropolis
41:07 Ziggurat
41:42 Graveyard
41:46 Nerubian Tower
41:50 Ziggurat
42:05 Ziggurat
42:46 Halls of the Dead
42:48 Nerubian Tower
42:53 Ziggurat
42:58 Ziggurat
43:09 Ziggurat
43:14 Spirit Tower
43:17 Ziggurat
43:19 Spirit Tower
43:25 Ziggurat
43:35 Ziggurat
43:43 Ziggurat
44:14 Spirit Tower
44:20 Ziggurat
44:23 Spirit Tower
44:32 Necropolis
44:37 Ziggurat
44:44 Spirit Tower
44:54 Ziggurat
44:55 Spirit Tower
44:58 Spirit Tower
45:11 Spirit Tower
45:25 Ziggurat
45:27 Spirit Tower
46:21 Nerubian Tower
46:22 Nerubian Tower
46:42 Ziggurat
47:01 Ziggurat
47:11 Nerubian Tower
47:12 Nerubian Tower
47:12 Nerubian Tower
47:20 Nerubian Tower
47:59 Spirit Tower
48:39 Nerubian Tower
50:04 Necropolis
» items
Scroll of Regeneration7
Orb of Fire2
9 total
team 2
Random» NightElfrobertw32221 (purple | 34 APM | 916 actions | 27:04)
Hero icon 5 Keeper of the Grove
Ability icon 3 Force of Nature
Ability icon 2 Entangling Roots

» actions
Basic commands42
Build / train102
Enter build submenu19
Enter hero's abilities submenu6
Right click449
Select / deselect252
Use ability46
916 total
» units
Wisp26
Archer21
Huntress24
Forest Troll Shadow Priest1
Forest Troll Berserker1
Hippogryph15
Chimaera5
93 total
» buildings
Moon Well6
Altar of Elders1
Ancient of War1
Ancient of Wonders2
Hunter's Hall1
Tree of Ages1
Ancient Protector1
Tree of Life2
Ancient of Wind1
Tree of Eternity1
Chimaera Roost3
20 total
» build order
00:32 Moon Well
00:47 Altar of Elders
00:59 Ancient of War
02:20 Ancient of Wonders
02:46 Moon Well
04:37 Hunter's Hall
06:39 Tree of Ages
06:48 Moon Well
12:49 Ancient of Wonders
13:28 Ancient Protector
15:17 Tree of Life
15:58 Moon Well
18:22 Ancient of Wind
18:26 Tree of Eternity
20:19 Tree of Life
21:09 Chimaera Roost
21:15 Chimaera Roost
21:20 Chimaera Roost
22:45 Moon Well
22:49 Moon Well
» items
Scroll of Town Portal1
1 total
Random» queeeeeeeeeeeee (yellow | 1 APM | 51 actions | 35:21)

» actions
Basic commands4
Right click23
Select / deselect24
51 total
HumanItsNotOverYet (teal | 78 APM | 3997 actions | 51:01)
Hero icon 8 Archmage
Ability icon 3 Summon Water Elemental
Ability icon 3 Brilliance Aura
Ability icon 1 Mass Teleport
Ability icon 1 Blizzard
Hero icon 7 Pandaren Brewmaster
Ability icon 3 Breath of Fire
Ability icon 3 Drunken Brawler
Ability icon 1 Storm Earth and Fire

» actions
Assign group hotkey51
Basic commands71
Build / train123
Enter build submenu47
Enter hero's abilities submenu17
Give item / drop item10
Remove unit from queue1
Right click1728
Select / deselect746
Select group hotkey1047
Use ability156
3997 total
» units
Peasant13
Footman3
Gryphon Rider14
Goblin Zeppelin1
Dragonhawk Rider1
32 total
» upgrades
Masonry3
Swords3
Lumber Harvesting2
Animal War Training1
Armor3
Storm Hammers1
Backpack1
Plating3
Gunpowder3
Cloud1
Barrage1
Flak Cannons1
Flying Machine Bombs1
Fragmentation Shards1
Flare1
Magic Sentry1
Sorceress Training2
Priest Training2
Control Magic1
Defend1
Long Rifles1
34 total
» buildings
Altar of Kings1
Farm13
Barracks2
Keep4
Lumber Mill5
Arcane Vault1
Blacksmith1
Castle1
Gryphon Aviary4
Scout Tower7
Guard Tower4
Town Hall1
Workshop2
Arcane Sanctum1
47 total
» build order
00:04 Altar of Kings
00:07 Farm
01:02 Barracks
01:21 Farm
02:31 Keep
02:31 Keep
02:32 Keep
02:36 Lumber Mill
02:54 Arcane Vault
03:16 Farm
03:52 Farm
04:34 Blacksmith
05:38 Castle
06:48 Gryphon Aviary
06:51 Gryphon Aviary
08:19 Scout Tower
08:43 Farm
09:04 Guard Tower
09:48 Farm
10:43 Farm
13:33 Town Hall
15:32 Barracks
17:52 Scout Tower
17:53 Scout Tower
17:54 Scout Tower
17:54 Scout Tower
18:20 Lumber Mill
18:25 Guard Tower
19:13 Gryphon Aviary
19:31 Gryphon Aviary
20:45 Guard Tower
25:01 Workshop
25:04 Workshop
29:32 Arcane Sanctum
29:39 Lumber Mill
35:15 Farm
35:19 Farm
36:03 Farm
36:05 Farm
36:10 Scout Tower
36:12 Scout Tower
38:19 Guard Tower
43:33 Lumber Mill
45:01 Lumber Mill
47:26 Farm
47:28 Farm
» items
Alleria's Flute of Accuracy1
Scroll of Regeneration7
Sobi Mask1
Runed Bracers1
Lesser Clarity Potion4
Orb of Fire3
Robe of the Magi +62
The Lion Horn of Stormwind1
Scroll of Town Portal4
Potion of Healing3
Belt of Giant Strength +62
29 total
NightElfTheMelvins (pink | 105 APM | 5342 actions | 50:59)
Hero icon 10 Warden
Ability icon 3 Fan of Knives
Ability icon 3 Blink
Ability icon 3 Shadow Strike
Ability icon 1 Spirit of Vengeance

» actions
Assign group hotkey390
Basic commands4
Build / train58
Enter build submenu70
Enter hero's abilities submenu10
Give item / drop item1
Right click3742
Select / deselect200
Select group hotkey210
Use ability657
5342 total
» units
Wisp25
Goblin Sapper6
31 total
» upgrades
Nature's Blessing1
Well Spring1
Ultravision1
3 total
» buildings
Moon Well192
Altar of Elders1
Tree of Life1
Tree of Ages1
Hunter's Hall1
Tree of Eternity1
Ancient of Wonders1
198 total
» build order
00:32 Moon Well
00:38 Altar of Elders
01:14 Moon Well
01:50 Moon Well
02:19 Moon Well
02:42 Tree of Life
03:51 Moon Well
03:52 Moon Well
04:15 Moon Well
04:29 Moon Well
04:43 Moon Well
05:09 Moon Well
06:07 Tree of Ages
06:36 Moon Well
06:39 Moon Well
06:45 Moon Well
07:07 Moon Well
07:08 Moon Well
07:09 Moon Well
07:12 Moon Well
08:09 Moon Well
08:10 Moon Well
08:11 Moon Well
09:19 Moon Well
09:20 Moon Well
09:22 Moon Well
09:23 Moon Well
09:25 Moon Well
09:26 Moon Well
09:28 Moon Well
09:29 Moon Well
09:34 Moon Well
09:34 Moon Well
09:34 Moon Well
09:35 Moon Well
09:36 Moon Well
10:04 Hunter's Hall
10:11 Moon Well
10:12 Moon Well
10:13 Moon Well
11:52 Moon Well
11:52 Moon Well
11:52 Moon Well
11:53 Moon Well
11:53 Moon Well
11:54 Moon Well
11:54 Moon Well
11:54 Moon Well
11:55 Moon Well
11:55 Moon Well
11:55 Moon Well
12:09 Moon Well
12:21 Tree of Eternity
13:34 Moon Well
13:34 Moon Well
13:34 Moon Well
13:35 Moon Well
14:38 Moon Well
14:41 Moon Well
14:43 Moon Well
14:43 Moon Well
14:47 Moon Well
15:00 Moon Well
15:01 Moon Well
15:01 Moon Well
15:40 Moon Well
15:42 Moon Well
15:45 Moon Well
15:45 Moon Well
17:14 Moon Well
17:16 Moon Well
18:05 Moon Well
18:06 Moon Well
18:07 Moon Well
18:07 Moon Well
18:07 Moon Well
18:08 Moon Well
18:09 Moon Well
18:09 Moon Well
18:10 Moon Well
19:33 Moon Well
19:34 Moon Well
19:35 Moon Well
19:35 Moon Well
19:35 Moon Well
19:36 Moon Well
19:37 Moon Well
19:37 Moon Well
19:37 Moon Well
19:37 Moon Well
20:36 Moon Well
20:36 Moon Well
20:37 Moon Well
20:38 Moon Well
20:38 Moon Well
20:38 Moon Well
22:22 Moon Well
22:22 Moon Well
22:23 Moon Well
22:23 Moon Well
22:23 Moon Well
22:24 Moon Well
22:24 Moon Well
22:25 Moon Well
22:25 Moon Well
22:25 Moon Well
22:29 Moon Well
22:29 Moon Well
22:29 Moon Well
22:30 Moon Well
22:30 Moon Well
22:31 Moon Well
22:32 Moon Well
22:32 Moon Well
22:33 Moon Well
22:33 Moon Well
22:34 Moon Well
22:35 Moon Well
22:35 Moon Well
22:36 Moon Well
22:37 Moon Well
22:38 Moon Well
22:39 Moon Well
24:20 Moon Well
25:18 Ancient of Wonders
29:40 Moon Well
29:42 Moon Well
29:42 Moon Well
29:43 Moon Well
29:44 Moon Well
29:44 Moon Well
34:25 Moon Well
34:26 Moon Well
34:27 Moon Well
34:28 Moon Well
34:28 Moon Well
34:29 Moon Well
34:29 Moon Well
34:30 Moon Well
34:31 Moon Well
34:31 Moon Well
34:32 Moon Well
34:32 Moon Well
34:32 Moon Well
34:33 Moon Well
34:33 Moon Well
34:34 Moon Well
34:34 Moon Well
34:34 Moon Well
34:35 Moon Well
39:48 Moon Well
39:49 Moon Well
39:50 Moon Well
39:50 Moon Well
39:51 Moon Well
39:51 Moon Well
39:51 Moon Well
39:52 Moon Well
39:52 Moon Well
39:52 Moon Well
39:52 Moon Well
39:53 Moon Well
39:54 Moon Well
39:54 Moon Well
39:55 Moon Well
39:55 Moon Well
39:55 Moon Well
39:56 Moon Well
39:56 Moon Well
39:56 Moon Well
39:57 Moon Well
39:57 Moon Well
39:58 Moon Well
» items
Runed Bracers2
Sobi Mask1
Health Stone1
Mana Stone3
Potion of Divinity1
Scroll of Town Portal1
Orb of Venom1
Wand of the Wind1
11 total

Chat log

(00:05 / All) TheMelvins: was about to say
(00:08 / All) TheMelvins: what a long ass search
(00:45 / Allies) TheMelvins: I got
(00:47 / Allies) TheMelvins: I GOT

(02:08 / Allies) ItsNotOverYet: pink said he'd take the mine
(02:09 / Allies) TheMelvins: yeah son I called it

(03:40 / Allies) TheMelvins: lawls int soz
(04:02 / All) Lets-Spoon-Bro: damn bro
(04:05 / All) Lets-Spoon-Bro: wtf

(05:20 / All) Lets-Spoon-Bro: damn bro
(05:23 / All) antanitis: LOOK HERE
(05:26 / All) blacks-rZombies: i am ruthless
(05:28 / All) Lets-Spoon-Bro: rage alot?
(05:39 / Allies) queeeeeeeeeeeee: wtf
(05:55 / Allies) ItsNotOverYet: you were afk fool
(05:55 / All) Lets-Spoon-Bro: so blue just tk-ed me
(05:59 / Allies) ItsNotOverYet: we are taking you as an expo
(06:00 / All) Lets-Spoon-Bro: im on the right side
(06:06 / Allies) queeeeeeeeeeeee: kk
(06:11 / Allies) queeeeeeeeeeeee: gl
(06:12 / All) Lets-Spoon-Bro: might as well come kill him.. he's spent the whole time killing my tree

(07:28 / Allies) ItsNotOverYet: I need an expo, want to help me creep it after I get t3 pink?

(10:22 / Allies) TheMelvins: HELP HIM BROTHER
(10:29 / Allies) TheMelvins: LET'S DO THIS BROTHERS

(16:38 / All) TheMelvins: this map sucks
(16:46 / All) ItsNotOverYet: Agreed

(20:22 / All) queeeeeeeeeeeee: GUYS STOP PLAYING 4V4
(20:27 / All) queeeeeeeeeeeee: ITS ALL BSERS
(20:31 / All) queeeeeeeeeeeee: PLAY 2V2 OR 3V3
(20:31 / All) blacks-rZombies: wtf
(20:45 / All) blacks-rZombies: did u play them the other day
(20:58 / Allies) queeeeeeeeeeeee: purple use ur gold
(21:00 / Allies) TheMelvins: I'm the only one not level 5 such a shitty map for hero only
(21:25 / All) ItsNotOverYet: tp nigger red

(23:57 / Allies) TheMelvins: come to me
(24:44 / Allies) TheMelvins: you should not have tped out son
(25:35 / All) TheMelvins: Aw

(27:42 / Allies) ItsNotOverYet: your nigger wells only heal yourself
(28:15 / All) TheMelvins: sad
(28:31 / All) ItsNotOverYet: My heroes dying doesn't even matter due to my gold count
(28:59 / All) TheMelvins: I need an orb
(29:07 / All) ItsNotOverYet: You need autocast wells, fool

(30:09 / All) TheMelvins: I don't need autocast since it heals allies that I don't give a shit about
(30:34 / All) ItsNotOverYet: I could have survived that fight without losing anything
(30:41 / All) ItsNotOverYet: Guess you didn't care though
(30:43 / All) blacks-rZombies: but?
(30:58 / All) TheMelvins: You can right click them

(32:06 / All) ItsNotOverYet: has he not rebuilt those 2 acos I killed early game at all
(32:07 / All) ItsNotOverYet: WTF
(32:22 / All) blacks-rZombies: hes hoarding with 3 mins bu tonly has 600 gold
(32:27 / All) blacks-rZombies: 99 food
(33:26 / All) ItsNotOverYet: Wow, that took a while oj
(33:42 / All) antanitis: BLUE I NEED MY GOLDMINE BACK
(33:53 / All) blacks-rZombies: red that is my gold mine
(33:54 / All) ItsNotOverYet: Then take it back, cockmongler
(33:57 / All) ItsNotOverYet: No need to get angry

(38:20 / All) TheMelvins: also if you auto cast it heals non priority units
(38:28 / All) TheMelvins: sucking mana when you could heal hero
(38:36 / All) ItsNotOverYet: It prioritises mana strangely
(38:59 / All) blacks-rZombies: i hate fan of knives vs shadow strike
(39:21 / All) TheMelvins: fan of knvies is best

(40:37 / All) TheMelvins: is orange saying anything
(40:46 / All) blacks-rZombies: nnot a word
(41:09 / All) ItsNotOverYet: Probably a clueless 12 year old like worr.
(41:10 / All) TheMelvins: lol
(41:33 / All) blacks-rZombies: hes been at his base almost entire game
(41:40 / All) ItsNotOverYet: pro
(41:50 / All) blacks-rZombies: i want to see panda ulti
(42:01 / All) ItsNotOverYet: I chose level 3 drunken brawler
(42:11 / All) ItsNotOverYet: I don't like taking most ultis, too situational
(42:28 / All) TheMelvins: Stats red
(42:35 / All) TheMelvins: he got raped vs warden mass moon wells
(42:40 / All) ItsNotOverYet: He is 89-84 team
(42:42 / All) ItsNotOverYet: 72-66 solo
(42:45 / All) blacks-rZombies: hes a decent ffa player
(42:57 / All) TheMelvins: alright end the game son
(42:58 / All) ItsNotOverYet: Here's your panda ult

(44:12 / All) ItsNotOverYet: Our team could never lose. Too many moon wells, we could prolong it forever
(44:23 / All) blacks-rZombies: red still got ur heros lawl
(44:27 / All) TheMelvins: Only tnaks beats it
(44:34 / All) TheMelvins: not mine
(44:51 / All) ItsNotOverYet: Oj got my heroes a couple of times. Wyrms, DK, lich, DL is nuke-rape
(44:53 / All) ItsNotOverYet: no way to avoid it
(45:04 / All) blacks-rZombies: red killed ur 2 heros
(45:06 / All) blacks-rZombies: at pinks wells
(45:15 / All) ItsNotOverYet: when? during the attack?
(45:21 / All) TheMelvins: end the game son
(45:27 / All) blacks-rZombies: wha tdo u think im doing
(45:41 / All) TheMelvins: I got level 10 legit before anyone else was level 5
(45:45 / All) blacks-rZombies: i told u idiots to kill ojs base
(45:46 / All) TheMelvins: *6
(45:48 / All) blacks-rZombies: he is towering it now
(45:49 / All) blacks-rZombies: bot left
(45:55 / All) blacks-rZombies: just get dhawks
(45:59 / All) ItsNotOverYet: yeah
(46:41 / All) ItsNotOverYet: I have every HU upgrade possible, I should have 100% tech percentage

(48:16 / All) TheMelvins: how does it feel to get raped by warden like that with mass wyrms?

(49:21 / All) blacks-rZombies: wolves are suckign w/o rubio
(49:25 / All) blacks-rZombies: blown out by kings
(50:00 / All) TheMelvins: That sucks cuz I think they might have did some damage in the playoffs this year
(50:14 / All) ItsNotOverYet: orange, how badly do you want this win?
(50:19 / All) ItsNotOverYet: you must be angry
(50:46 / All) TheMelvins: Wtf son
(50:49 / All) ItsNotOverYet: raped